 Dungeon Crawl Stone Soup version 0.30-a0-310-g7d6cbdfea6 (webtiles) character file.

Game seed: 12960921308976620667

355 McGhostyFace the Chopper (level 6, -1/51 HPs)
             Began as a Gnoll Reaver on Oct 24, 2022.
             Slain by Pikel
             ... wielding a +0 whip of flaming
              (2 damage)
             ... on level 5 of the Dungeon on Oct 25, 2022.
             The game lasted 00:12:26 (5742 turns).

McGhostyFace the Chopper (Gnoll Reaver)             Turns: 5742, Time: 00:12:27

Health: -1/51      AC:  8    Str: 11    XL:     6   Next: 63%
Magic:  32/32      EV: 13    Int: 14    God:
Gold:   229        SH:  0    Dex: 11    Spells: 9/15 levels left

rFire   . . .      SeeInvis .    a - +0 hand axe
rCold   . . .      Faith    .    (no shield)
rNeg    . . .      Spirit   .    b - +0 leather armour
rPois   .          Reflect  .    C - +0 helmet
rElec   .          Harm     .    E - +0 cloak
rCorr   .          Rampage  .    (no gloves)
Will    .....                    F - +2 pair of boots {Stlth+}
Stlth   +++.......               h - amulet of the acrobat
HPRegen 0.28/turn                g - ring of magical power
MPRegen 0.23/turn                w - ring of magical power

@: immotile
A: fangs 1, strong nose, distributed training
a: no special abilities


You were on level 5 of the Dungeon.
You visited 1 branch of the dungeon, and saw 5 of its levels.

You collected 229 gold pieces.

Inventory:

Hand Weapons
 a - a +0 hand axe (weapon)
 I - a +3 short sword
Missiles
 A - 3 boomerangs of dispersal (quivered)
Armour
 b - a +0 leather armour (worn)
 C - a +0 helmet (worn)
 E - a +0 cloak (worn)
 F - a +2 pair of boots of stealth (worn)
Jewellery
 g - a ring of magical power (left hand)
 h - an amulet of the acrobat (around neck)
 p - an amulet of reflection
 w - a ring of magical power (right hand)
 J - an amulet of guardian spirit
Wands
 D - a wand of flame (32)
Scrolls
 c - 3 scrolls of noise {unknown}
 d - 6 scrolls of identify {unknown}
 e - 2 scrolls of immolation {unknown}
 j - a scroll of fear {unknown}
 k - a scroll of brand weapon {unknown}
 n - a scroll of summoning {unknown}
 o - a scroll of blinking {unknown}
 r - 2 scrolls of enchant armour {unknown}
 u - a scroll of butterflies {unknown}
 x - 2 scrolls of magic mapping {unknown}
 y - 2 scrolls of vulnerability {unknown}
 G - a scroll of teleportation {unknown}
 H - a scroll of poison {unknown}
Potions
 f - 4 potions of attraction {unknown}
 i - 2 potions of lignification {unknown}
 l - a potion of haste {unknown}
 m - 2 potions of ambrosia
 q - 3 potions of heal wounds {unknown}
 s - 2 potions of might {unknown}
 t - a potion of berserk rage {unknown}
 v - a potion of mutation {unknown}
 z - 5 potions of invisibility {unknown}
 B - a potion of flight {unknown}


   Skills:
 + Level 5.0 Fighting
 + Level 2.1 Short Blades
 + Level 2.1 Long Blades
 + Level 6.9 Axes
 + Level 2.1 Maces & Flails
 + Level 2.1 Polearms
 + Level 2.1 Staves
 + Level 2.1 Ranged Weapons
 + Level 2.1 Throwing
 + Level 2.1 Armour
 + Level 5.0 Dodging
 + Level 2.1 Stealth
 + Level 2.1 Shields
 + Level 2.1 Unarmed Combat
 + Level 5.4 Spellcasting
 + Level 5.7 Conjurations
 + Level 1.7 Hexes
 + Level 1.7 Summonings
 + Level 1.7 Necromancy
 + Level 1.7 Translocations
 + Level 1.7 Transmutations
 + Level 1.7 Fire Magic
 + Level 1.7 Ice Magic
 + Level 1.7 Air Magic
 + Level 1.7 Earth Magic
 + Level 1.7 Poison Magic
 + Level 2.3 Invocations
 + Level 2.1 Evocations


You had 9 spell levels left.
You knew the following spells:

 Your Spells              Type           Power      Damage    Failure   Level
a - Kiss of Death         Conj/Necr      56%        2d9       4%          1
b - Momentum Strike       Conj/Tloc      28%        3d8       7%          2
c - Mephitic Cloud        Conj/Pois/Air  12%        N/A       19%         3

Your spell library contained the following spells:

 Spells                   Type           Power      Damage    Failure   Level
 Magic Dart               Conj           76%        1d6       1%          1
 Hailstorm                Conj/Ice       14%        3d5       14%         3
 Call Imp                 Summ           8%         N/A       16%         2
 Ensorcelled Hibernation  Hex/Ice        16%        N/A       16%         2
 Spider Form              Tmut/Pois      8%         N/A       32%         3
 Anguish                  Hex/Necr       4%         N/A       71%         4


Dungeon Overview and Level Annotations

Branches:
Dungeon (5/15)
 Temple: D:4-7

Altars:
Dithmenos
Makhleb
Okawaru
Sif Muna
Vehumet
Yredelemnul
Zin

Shops:
D:5 (

Annotations:
D:5 Pikel


Innate Abilities, Weirdness & Mutations

You have very sharp teeth.
Your uncanny sense of smell can sniff out nearby items.
Your experience applies equally to all skills.


Message History

Aiming: Momentum Strike (safe; 7% risk of failure)
Press: ? - help, Dir - move target, f - Pikel, p - lemure
Aim: Pikel, wielding a +0 whip of flaming and wearing a +0 robe (severely wounded, 64% to hit)
The concentrated momentum misses Pikel.
Pikel hits you with a +0 whip of flaming.
* * * LOW HITPOINT WARNING * * *
Pikel burns you.
* * * LOW HITPOINT WARNING * * *
Casting: Momentum Strike (safe; 7% risk of failure)
Confirm with . or Enter, or press ? or * to list all spells.
Aiming: Momentum Strike (safe; 7% risk of failure)
Press: ? - help, Dir - move target, f/p - Pikel
Aim: Pikel, wielding a +0 whip of flaming and wearing a +0 robe (severely wounded, 64% to hit)
The concentrated momentum hits Pikel!
You are unable to move.
Pikel hits you with a +0 whip of flaming.
* * * LOW HITPOINT WARNING * * *
Pikel burns you.
* * * LOW HITPOINT WARNING * * *
Unknown command.
You are confused.
You feel invigorated. Pikel closely misses you.
Press: ? - help, v - describe, . - travel The floor, spattered with blood.
You cannot move. (Use ctrl+direction or * direction to attack while stationary and confused.)
You cannot move. (Use ctrl+direction or * direction to attack while stationary and confused.) Unknown command.
You cannot move. (Use ctrl+direction or * direction to attack while stationary and confused.) Pikel closely misses you.
You feel less invigorated.
You feel less confused.
Pikel hits you with a +0 whip of flaming!
* * * LOW HITPOINT WARNING * * *
Pikel burns you.
* * * LOW HITPOINT WARNING * * *
You barely miss Pikel.
Pikel is almost dead.
Pikel hits you with a +0 whip of flaming.
* * * LOW HITPOINT WARNING * * *
Pikel burns you.
You die...

#.#....# #......
###......# #......
...#.....# ...#.
...#.....# ...#.
...##....# #.##.
...##....##### #.#..
...##........## #.##.
..............#######
#.##.
.............55K@...#
#.##.
.............######.##
#.... ...###########
#..# #.##. .K.# ##.#
#.##. )..# #.## #.##.
.... ∆ #..# #.### ....
##.# #####.# .... #.#
#.....# ....
#####'###.....#


You could see Pikel and 2 lemures.

Vanquished Creatures
  A scorpion (D:2)
  A hound (D:4)
  Crazy Yiuf (D:3)
  An iguana (D:5)
  5 gnolls (D:4)
  11 adders
  An ufetubus (D:5)
  4 dart slugs
  An orc (D:3)
  6 endoplasms
  4 giant cockroaches
  A goblin (D:1)
  9 hobgoblins
  2 jackals (D:4)
  A quokka (D:4)
  12 ball pythons
  5 bats
  3 frilled lizards
  9 kobolds
  6 rats
84 creatures vanquished.

Vanquished Creatures (others)
  A lemure (D:4)
  A hound (D:4)
  Ijyb (D:5)
  A gnoll (D:3)
  A plant (D:4)
5 creatures vanquished.

Grand Total: 89 creatures vanquished

Notes
Turn   | Place    | Note
-------+----------+-------------------------------------------
     0 | D:1      | McGhostyFace the Gnoll Reaver began the quest for the Orb.
     0 | D:1      | Reached XP level 1. HP: 20/20 MP: 6/6
   119 | D:1      | Reached XP level 2. HP: 23/26 MP: 7/7
  1018 | D:2      | Reached skill level 5 in Spellcasting
  1018 | D:2      | Reached XP level 3. HP: 31/31 MP: 9/9
  1175 | D:2      | Reached skill level 1 in Invocations
  1268 | D:2      | Reached skill level 1 in Short Blades
  1268 | D:2      | Reached skill level 1 in Long Blades
  1268 | D:2      | Reached skill level 1 in Maces & Flails
  1268 | D:2      | Reached skill level 1 in Polearms
  1268 | D:2      | Reached skill level 1 in Staves
  1268 | D:2      | Reached skill level 1 in Ranged Weapons
  1268 | D:2      | Reached skill level 1 in Throwing
  1268 | D:2      | Reached skill level 1 in Armour
  1268 | D:2      | Reached skill level 1 in Stealth
  1268 | D:2      | Reached skill level 1 in Shields
  1268 | D:2      | Reached skill level 1 in Unarmed Combat
  1268 | D:2      | Reached skill level 1 in Evocations
  1450 | D:2      | Noticed a scorpion
  1464 | D:2      | Killed a scorpion
  1465 | D:2      | Reached skill level 1 in Hexes
  1465 | D:2      | Reached skill level 1 in Summonings
  1465 | D:2      | Reached skill level 1 in Necromancy
  1465 | D:2      | Reached skill level 1 in Translocations
  1465 | D:2      | Reached skill level 1 in Transmutations
  1465 | D:2      | Reached skill level 1 in Fire Magic
  1465 | D:2      | Reached skill level 1 in Ice Magic
  1465 | D:2      | Reached skill level 1 in Air Magic
  1465 | D:2      | Reached skill level 1 in Earth Magic
  1465 | D:2      | Reached skill level 1 in Poison Magic
  1465 | D:2      | Reached XP level 4. HP: 15/38 MP: 11/11
  1668 | D:2      | Reached XP level 5. HP: 19/43 MP: 12/12
  2360 | D:3      | Learned a level 2 spell: Momentum Strike
  2908 | D:3      | Found an iron altar of Okawaru.
  2909 | D:3      | Found a glowing silver altar of Zin.
  2911 | D:3      | Found a radiant altar of Vehumet.
  2911 | D:3      | Found a shimmering blue altar of Sif Muna.
  3056 | D:3      | Found a runed translucent door.
  3057 | D:3      | Noticed Crazy Yiuf
  3251 | D:3      | Killed Crazy Yiuf
  3816 | D:4      | Reached XP level 6. HP: 47/48 MP: 13/13
  3840 | D:4      | Found a burning altar of Makhleb.
  4192 | D:4      | Reached skill level 5 in Fighting
  4192 | D:4      | Reached skill level 5 in Dodging
  4721 | D:5      | Entered Level 5 of the Dungeon
  5239 | D:5      | Found a basalt altar of Yredelemnul.
  5239 | D:5      | Found a shadowy altar of Dithmenos.
  5440 | D:5      | Found Yrchu's Weapon Boutique.
  5457 | D:5      | Noticed Ijyb
  5474 | D:5      | Killed Ijyb
  5646 | D:5      | Learned a level 3 spell: Mephitic Cloud
  5705 | D:5      | Noticed Pikel
  5742 | D:5      | HP: 1/51 [Pikel/+0 whip of flaming (3)]
  5742 | D:5      | Slain by Pikel

Illustrated notes

Levels and vault maps discovered:
D:1:      dpeg_arrival_boxes_within_box, layout_basic
D:2:      layout_loops_ring, grunt_decor_mini_mirrors
D:3:      layout_rooms, mainiacjoe_overflow_alcove_3, minivault_27,
          dk_noncrumbling_4, hangedman_feature_mirror, minmay_snake_closets,
          uniq_crazy_yiuf_cottage
D:4:      layout_loops_corners, mainiacjoe_overflow_six_doors_small,
          serial_forest, infiniplex_forest_end_3, infiniplex_forest_split,
          infiniplex_forest_end_2, infiniplex_forest_split,
          infiniplex_forest_lined_corner, infiniplex_forest_clump_tiny,
          infiniplex_forest_corner_1, infiniplex_forest_clump_curved
D:5:      layout_basic, hangedman_ru_absence, gammafunk_temple_overflow_statue,
          serial_shops, shop, minivault_1, uniq_pikel, uniq_ijyb, uniq_grinder

Skill      XL: |  1  2  3  4  5  6 |
---------------+-------------------+-----
Spellcasting   | 5 |  5.4
Invocations    | 1 2 |  2.3
Short Blades   | 1 2 |  2.1
Long Blades    | 1 2 |  2.1
Maces & Flails | 1 2 |  2.1
Polearms       | 1 2 |  2.1
Staves         | 1 2 |  2.1
Ranged Weapons | 1 2 |  2.1
Throwing       | 1 2 |  2.1
Armour         | 1 2 |  2.1
Stealth        | 1 2 |  2.1
Shields        | 1 2 |  2.1
Unarmed Combat | 1 2 |  2.1
Evocations     | 1 2 |  2.1
Hexes          | 1 |  1.7
Summonings     | 1 |  1.7
Necromancy     | 1 |  1.7
Translocations | 1 |  1.7
Transmutations | 1 |  1.7
Fire Magic     | 1 |  1.7
Ice Magic      | 1 |  1.7
Air Magic      | 1 |  1.7
Earth Magic    | 1 |  1.7
Poison Magic   | 1 |  1.7
Fighting       | 5 |  5.0
Dodging        | 5 |  5.0
Axes           | |  6.9
Conjurations   | |  5.7

Action                   |  1- 3 |  4- 6 || total
-------------------------+-------+-------++-------
Melee: Hand axe          |    99 |   277 ||   376
       Bite              |    10 |    23 ||    33
       Punch             |       |     4 ||     4
Throw: Boomerang         |       |     3 ||     3
 Cast: Kiss of Death     |     1 |     1 ||     2
       Momentum Strike   |       |    17 ||    17
Evoke: Wand              |       |     4 ||     4
  Use: Potion            |       |     2 ||     2
 Stab: Sleeping          |     1 |     5 ||     6
Armor: Leather armour    |    16 |    84 ||   100
Dodge: Dodged            |    52 |   242 ||   294

Table legend: (Time is in decaauts)
 A = Elapsed time spent in this place.
 B = Non-inter-level travel time spent in this place.
 C = Inter-level travel time spent in this place.
 D = Time resting spent in this place.
 E = Time spent auto-exploring this place.
 F = Levels seen in this place.
 G = Mean time per level.
                   A        B        C        D        E       F      G
               +--------+--------+--------+--------+--------+-----+--------+
         Total |   5732 |   5313 |    419 |   1140 |   3102 |   5 | 1146.4 |
       Dungeon |   5732 |   5313 |    419 |   1140 |   3102 |   5 | 1146.4 |
               +--------+--------+--------+--------+--------+-----+--------+

Top non-repeatable levels by time:
     D:4: 1656 daAuts
     D:2: 1248 daAuts
     D:3: 1122 daAuts
     D:1: 1009 daAuts
     D:5: 695 daAuts
